 Dungeon Crawl Stone Soup version 0.19.0-2-gae57169 (webtiles) character file.

154 Daunt the Magician (level 5, -8/28 HPs)
             Began as a Gargoyle Wizard on Nov 4, 2016.
             Mangled by an ogre
             ... wielding a +0 giant spiked club
              (30 damage)
             ... on level 4 of the Dungeon.
             The game lasted 00:19:43 (3218 turns).

Daunt the Magician (Gargoyle Wizard)                Turns: 3218, Time: 00:19:44

Health: -8/28      AC:  6    Str: 11    XL:     5   Next: 36%
Magic:  3/11       EV: 12    Int: 19    God:
Gold:   78         SH:  0    Dex:  8    Spells: 1 memorised, 12 levels left

rFire  . . .     SeeInvis .     t - +2 spear (flame)
rCold  . . .     Gourm    .     a - +0 robe
rNeg   + . .     Faith    .     (no shield)
rPois  ∞         Spirit   .     b - +0 hat
rElec  +         Reflect  .     (no cloak)
rCorr  .         Harm     .     (no gloves)
MR     .....                    (no boots)
Stlth  ++........               (no amulet)
                                (no ring)
                                (no ring)

@: no status effects
A: negative energy resistance 1, electricity resistance, unbreathing,
petrification resistance, rot immunity, AC +4
a: no special abilities


You were on level 4 of the Dungeon.
You were not hungry.

You visited 1 branch of the dungeon, and saw 4 of its levels.

You collected 78 gold pieces.

Inventory:

Hand Weapons
 e - a +0 dagger
 f - a +0 whip of draining
 t - a +2 spear of flaming (weapon)
 v - a +0 quarterstaff
Armour
 a - a +0 robe (worn)
 b - a +0 hat (worn)
Wands
 n - a wand of disintegration (13/24)
Scrolls
 g - 2 scrolls of immolation
 j - a scroll of blinking {unknown}
 k - a scroll of random uselessness {unknown}
 l - a scroll of remove curse
 o - 2 scrolls of teleportation
 s - a scroll of enchant armour {unknown}
 w - a scroll of magic mapping {unknown}
 x - a scroll of recharging {unknown}
Potions
 i - a potion of resistance
 q - a potion of berserk rage
 r - a potion of agility {unknown}
Books
 c - a book of Minor Magic

   Spells                             Type                      Level
   a - Magic Dart                     Conjuration                  1
   b - Blink                          Translocation                2
   c - Call Imp                       Summoning                    2
   d - Repel Missiles                 Charms/Air                   2
   e - Slow                           Hexes                        2
   f - Conjure Flame                  Conjuration/Fire             3
   g - Mephitic Cloud                 Conjuration/Poison/Air       3
Comestibles
 d - 2 bread rations
 h - 3 fruits
 p - 2 meat rations
 u - 2 slices of pizza
 z - a chunk of flesh
 A - a beef jerky


   Skills:
 - Level 1.5 Dodging
 - Level 2.1 Stealth
 + Level 4.6 Spellcasting
 + Level 3.5 Conjurations
   Level 0.8 Summonings
   Level 0.8 Translocations


You had 12 spell levels left.
You knew the following spells:

 Your Spells              Type           Power        Failure   Level  Hunger
a - Magic Dart            Conj           ###.         3%          1    None


Dungeon Overview and Level Annotations

Branches:
Dungeon (4/15)
 Temple: D:4-7

Altars:
Hepliaklqana
Kikubaaqudgha
Nemelex Xobeh


Innate Abilities, Weirdness & Mutations

You are resistant to torment.
Your stone body is resilient. (AC +4)
You are immune to poison.
You resist negative energy. (rN+)
You are resistant to electric shocks. (rElec)
You can survive without breathing.
You are immune to petrification.
You are immune to rotting.


Message History

The magic dart hits the ogre.
The ogre is severely wounded.
The ogre hits you with a giant spiked club.
Casting: Magic Dart
Confirm with . or Enter, or press ? or * to list all spells.
Aiming: Magic Dart
Press: ? - help, Shift-Dir - straight line, f/p - ogre
Aim: an ogre, wielding a giant spiked club (severely wounded)
The magic dart hits the ogre.
The ogre is severely wounded.
Casting: Magic Dart
Confirm with . or Enter, or press ? or * to list all spells.
Aiming: Magic Dart
Press: ? - help, Shift-Dir - straight line, f/p - ogre
Aim: an ogre, wielding a giant spiked club (severely wounded)
The magic dart hits the ogre.
The ogre is severely wounded.
The ogre hits you with a giant spiked club!!
Ouch! That really hurt!
You die...

.........# .........#
#........# ....
#........# ....
#........+ .....
#........###########.....
#......(.................
#........................
#.....####..####@O.......
+....## #### ##........
#....# #........ #....##
####..... #.....# ....
#.....# ... #.....# ..
#.....#### .
#....##≈≈####≈w


You could see an ogre.

Vanquished Creatures
  6 adders
  2 oozes
  A worm (D:3)
  2 dart slugs
  A leopard gecko (D:3)
  4 orcs (D:3)
  3 giant cockroaches (D:2)
  10 goblins
  11 hobgoblins
  2 jackals (D:1)
  9 kobolds
  2 ball pythons (D:1)
  2 bats (D:2)
  7 frilled lizards
  19 rats
81 creatures vanquished.

Notes
Turn   | Place    | Note
-------+----------+-------------------------------------------
     0 | D:1      | Daunt the Gargoyle Wizard began the quest for the Orb.
     0 | D:1      | Reached XP level 1. HP: 10/10 MP: 4/4
   283 | D:1      | Reached XP level 2. HP: 9/15 MP: 1/6
   902 | D:1      | Reached XP level 3. HP: 19/19 MP: 1/8
  1614 | D:2      | Reached skill level 4 in Spellcasting
  1614 | D:2      | Reached XP level 4. HP: 24/24 MP: 1/10
  2070 | D:2      | Found an ancient bone altar of Kikubaaqudgha.
  2125 | D:2      | Found a sparkling altar of Nemelex Xobeh.
  2549 | D:3      | Found a faded altar of an unknown god.
  2723 | D:3      | Found a hazy altar of Hepliaklqana.
  2941 | D:3      | Reached XP level 5. HP: 18/28 MP: 11/11
  3207 | D:4      | Noticed an ogre
  3218 | D:4      | Mangled by an ogre

Skill      XL: |  1  2  3  4 |
---------------+-------------+-----
Conjurations   | 2 3 |  3.5
Spellcasting   | 4 |  4.6
Dodging        | |  1.5
Stealth        | |  2.1
Summonings     | |  0.8
Translocations | |  0.8

Action                   |  1- 3 |  4- 6 || total
-------------------------+-------+-------++-------
Melee: Dagger            |     9 |       ||     9
       Whip              |    31 |     9 ||    40
       Spear             |       |    58 ||    58
 Cast: Magic Dart        |   101 |    69 ||   170
  Use: Scroll            |       |     5 ||     5
 Stab: Sleeping          |       |     1 ||     1
  Eat: Chunk             |     2 |     5 ||     7
Armor: Robe              |    36 |    16 ||    52
Dodge: Dodged            |    64 |    30 ||    94
